[Event "Dvaro taure"]
[Site "Taujenai, Lithuania"]
[Date "2021.11.28"]
[Round "9.1"]
[White "Povilaitis, Matas"]
[Black "Laurusas, Tomas"]
[Result "0-1"]
[WhiteElo "1910"]
[BlackElo "2550"]
[PlyCount "80"]
[EventDate "2021.??.??"]
[TimeControl "10+5"]
[WhiteClock "0:00:51"]
[BlackClock "0:00:50"]

1. d4 Nf6 2. Bg5 Ne4 3. Bf4 c5 4. f3 Qa5+ 5. c3 Nf6 6. d5 Qb6 7. Bc1 e6 8.
e4 exd5 9. exd5 Bd6 10. c4 O-O 11. Bd3 Be5 12. Qb3 Qd6 13. Ne2 Re8 14. Nbc3 Na6 15. Nb5 Qb8 16. Bg5 Nb4 17. Bxf6 Bxf6 18. d6 Bd8 19. Be4 a6 20.
Nbc3 Qxd6 21. O-O Rb8 22. Rad1 Qh6 23. Ng3 Bc7 24. a3 Nc6 25.
Nd5 Nd4 26. Nxc7 Nxb3 27. Nxe8 d5 28. cxd5 f5 29. Bc2 Nd4 30.
Rxd4 Qe3+ 31. Kh1 cxd4 32. Nd6 d3 33. Bd1 g6 34. Nc4 Qd4 35.
Nd2 Qxb2 36. Nc4 Qc3 37. Nb6 Qc5 38. Na4 Qxa3 39. d6 Be6 40. Nb6 Qxd6 0-1

[Event "Dvaro taure"]
[Site "Taujenai, Lithuania"]
[Date "2021.11.28"]
[Round "9.3"]
[White "Povilaitis, Tomas"]
[Black "Baliasnyj, Timur"]
[Result "1-0"]
[WhiteElo "1986"]
[BlackElo "2001"]
[PlyCount "51"]
[EventDate "2021.??.??"]
[TimeControl "10+5"]
[WhiteClock "0:05:36"]
[BlackClock "0:00:09"]

1. e4 c5 2. Nc3 Nc6 3. Bb5 g6 4. Bxc6 dxc6 5. f4 Bg7 6. d3 Nf6 7. Nf3 O-O 8.
O-O Ne8 9. Qe1 Nc7 10. Qh4 Ne6 11. f5 Nd4 12. Nxd4 Qxd4+ 13. Kh1 c4 14. Bh6 cxd3 15. Bxg7 Kxg7 16. cxd3 Qf6 17. Qg3 e5 18. fxg6 Qxg6 19. Qxe5+ f6 20. Qf4 Be6 21. Rf3 Kh8 22. Rg3 Qf7 23. Rf1 Rad8 24. Rgf3 Bxa2 25. Qh6 Rd6 26. Nxa2 1-0

[Event "Dvaro taure"]
[Site "Taujenai, Lithuania"]
[Date "2021.11.28"]
[Round "9.4"]
[White "Aleknavicius, Andrius"]
[Black "Salna, Aleksandras"]
[Result "0-1"]
[WhiteElo "1942"]
[BlackElo "2088"]
[PlyCount "114"]
[EventDate "2021.??.??"]
[TimeControl "10+5"]
[WhiteClock "0:00:25"]
[BlackClock "0:02:17"]

1. d4 d5 2. Bf4 Nf6 3. e3 c5 4. dxc5 Nc6 5. Nf3 e6 6. Nc3 Bxc5 7. Bd3 Bb4 8.
O-O Bxc3 9. bxc3 Qe7 10. Ne5 O-O 11. c4 Nxe5 12. Bxe5 dxc4 13. Bxc4 Rd8 14. Qf3 Bd7 15. Rfd1 Bc6 16. Qg3 h6 17. Qh4 Rxd1+ 18. Rxd1 Rd8 19. Rxd8+ Qxd8 20. Bxf6 Qxf6 21. Qxf6 gxf6 22. g3 Kf8 23. Kf1 Ke7 24. Ke2 Kd6 25. a3 Kc5 26. Bb3 Bd5 27. Kd2 Bf3 28. h4 a5 29. c3 Be4 30. f4 b6 31. Ba4 Kc4 32. Bd1 Bg6 33. a4 Kc5 34. Be2 Kd5 35. Bf3+ Kd6 36. g4 Kc5 37.
Be2 Be4 38. Bb5 Bf3 39. Be8 Bxg4 40. Bxf7 e5 41. fxe5 fxe5 42.
Kd3 Bf5+ 43. Kd2 Bd7 44. Bb3 Bc6 45. Kd3 Bd5 46. Bd1 b5 47. axb5 Kxb5 48. c4+ Bxc4+ 49. Ke4 Kb4 50. Kxe5 Bb3 51. Bg4 a4 52. Kf6 a3 53. Kg6 a2 54. Kxh6 a1=Q 55. h5 Qf6+ 56. Kh7 Bc2+ 57. Kg8 Qg5+ 0-1

[Event "Dvaro taure"]
[Site "Taujenai, Lithuania"]
[Date "2021.11.28"]
[Round "9.5"]
[White "Bazilius, Augustinas"]
[Black "Juknis, Paulius"]
[Result "0-1"]
[WhiteElo "1911"]
[BlackElo "2059"]
[PlyCount "148"]
[EventDate "2021.??.??"]
[TimeControl "10+5"]
[WhiteClock "0:00:49"]
[BlackClock "0:02:46"]

1. d4 g6 2. c4 Bg7 3. Nf3 f5 4. g3 Nf6 5. Bg2 O-O 6. O-O d6 7. Nc3 Qe8 8. d5 Na6 9. Nd4 Bd7 10. e4 fxe4 11. Nxe4 Nxe4 12. Bxe4 Nc5 13. Bg2 Qf7 14. Be3 a5 15. b3 Rab8 16. Rb1 e5 17. dxe6 Nxe6 18. Nxe6 Bxe6 19. Bd4 b6 20. Bxg7 Kxg7 21. Qd4+ Qf6 22. Qxf6+ Kxf6 23. Rfe1 Bd7 24. Re3 Rbe8 25. Rbe1 Rxe3 26. Rxe3 Re8 27. Kf1 Rxe3 28. fxe3 Ke5 29. Ke2 g5 30. Bf3 h6 31. Kd3 Bf5+ 32. Kc3 Be4 33. Be2 Bg2 34. Bd3 Bh3 35. Kd2 h5 36.
Bg6 h4 37. gxh4 gxh4 38. Bh5 Bg2 39. Bg6 Bf3 40. Bd3 Bg2 41. Bg6 Kf6 42. Bh5 Ke5 43. Bg6 Be4 44. Bxe4 Kxe4 45. Ke2 c6 46. h3 d5 47. cxd5 cxd5 48. Kf2 b5 49. Ke2 b4 50.
Kf2 d4 51. exd4 Kxd4 52. Kf3 Kc3 53. Kg4 Kb2 54. Kxh4 Kxa2 55. Kg5 a4 56. bxa4 b3 57. h4 b2 58. h5 b1=Q 59. Kh6 Qf5 60. a5 Qxa5 61. Kg6 Qb6+ 62. Kg7 Qc7+ 63. Kg6 Qd6+ 64. Kg7 Qe7+ 65. Kg6 Qe6+ 66. Kh7 Qf5+ 67. Kh6 Qg4 68. Kh7 Qxh5+ 69. Kg7 Kb3 70. Kf8 Qh7 71. Ke8 Kc4 72. Kf8 Kd5 73. Ke8 Ke6 74.
Kd8 Qd7# 0-1

[Event "Dvaro taure"]
[Site "Taujenai, Lithuania"]
[Date "2021.11.28"]
[Round "9.6"]
[White "Valantiejus, Vaidotas"]
[Black "Stremavicius, Pijus"]
[Result "0-1"]
[WhiteElo "1962"]
[BlackElo "2175"]
[PlyCount "78"]
[EventDate "2021.??.??"]
[TimeControl "10+5"]
[WhiteClock "0:00:19"]
[BlackClock "0:08:12"]

1. e4 c6 2. d4 g6 3. f4 d5 4. e5 h5 5. Nf3 Nh6 6. Bd3 Bg4 7. O-O Nf5 8. c3 e6 9. h3 Bxf3 10. Qxf3 h4 11. Be3 Qb6 12. b3 c5 13. Bxf5 gxf5 14. Nd2 Nc6 15.
Qf2 cxd4 16. cxd4 Ba3 17. Nf3 Kd7 18. Bc1 Be7 19. Bb2 Rac8 20.
Rac1 Nb4 21. Qe3 Nxa2 22. Rxc8 Rxc8 23. Ng5 Rc2 24. Ba1 Ke8 25. Qf3 Qb5 26. Qh5 Bxg5 27. Qxg5 Qe2 28. Qg8+ Ke7 29. Qg5+ Kd7 30. Qg7 Kc6 31. b4 Nxb4 32. Rb1 Nd3 33. Bc3 Qe3+ 34. Kh1 Nf2+ 35. Kh2 Qxf4+ 36. Kg1 Nxh3+ 37. Kh1 Rc1+ 38. Rxc1 Qxc1+ 39. Kh2 Qg1+ 0-1

[Event "Dvaro taure"]
[Site "Taujenai, Lithuania"]
[Date "2021.11.28"]
[Round "9.7"]
[White "Maciuitis, Ignas"]
[Black "Bagvilas, Lukas"]
[Result "0-1"]
[WhiteElo "1862"]
[BlackElo "2022"]
[PlyCount "66"]
[EventDate "2021.??.??"]
[TimeControl "10+5"]
[WhiteClock "0:01:33"]
[BlackClock "0:03:45"]

1. e4 c6 2. Nc3 d5 3. Nf3 dxe4 4. Nxe4 Nf6 5. Nxf6+ exf6 6. d4 Bd6 7. Be2 O-O 8. O-O Nd7 9. c3 Re8 10.
Be3 Nf8 11. Qc2 Ng6 12. Rad1 Qc7 13. h3 Be6 14. Bd3 Qd7 15. Bxg6 hxg6 16. Qd2 g5 17. h4 Bd5 18. Nh2 gxh4 19. Bf4 Bf8 20. Rfe1 Qf5 21. Re3 g5 22.
Rxe8 Rxe8 23. Be3 Qe4 24. Nf3 Qg4 25. Ne1 Bd6 26. b3 b5 27.
Rc1 h3 28. f3 Qg3 29. c4 Qh2+ 30. Kf2 Bg3+ 31. Kf1 Bxe1 32. Rxe1 Qh1+ 33. Bg1 Rxe1+ 0-1

[Event "Dvaro taure"]
[Site "Taujenai, Lithuania"]
[Date "2021.11.28"]
[Round "9.8"]
[White "Greicius, Pijus"]
[Black "Viskelis, Darius"]
[Result "1-0"]
[WhiteElo "1949"]
[BlackElo "1981"]
[PlyCount "69"]
[EventDate "2021.??.??"]
[TimeControl "10+5"]
[WhiteClock "0:04:45"]
[BlackClock "0:00:10"]

1. d4 d5 2. c4 e6 3. Nc3 c5 4. e3 Nf6 5. Nf3 Nc6 6. a3 cxd4 7. exd4 dxc4 8.
Bxc4 Be7 9. O-O O-O 10. Be3 b6 11. Qe2 Bb7 12. Rfd1 Na5 13. Ba2 Nd5 14. Rac1 Rc8 15. Qd3 Nxc3 16. Rxc3 Rxc3 17. Qxc3 Bxf3 18. gxf3 Bd6 19. h3 Qf6 20. Kg2 Qg6+ 21. Kf1 Qf5 22. Kg2 Qg6+ 23. Kf1 Rd8 24. b4 Nb7 25. Qc6 Rb8 26. Bb1 Qh5 27. Rc1 Qxh3+ 28. Ke2 e5 29. dxe5 Bxe5 30. Rd1 Bf6 31. Rd7 Nd8 32. Qc7 Qe6 33. Rd6 Qe5 34. Qxb8 Qb2+ 35. Rd2 1-0

[Event "Dvaro taure"]
[Site "Taujenai, Lithuania"]
[Date "2021.11.28"]
[Round "9.9"]
[White "Posaskov, Nikita"]
[Black "Gerasimovic, Stanislav"]
[Result "1-0"]
[WhiteElo "1971"]
[BlackElo "1790"]
[PlyCount "89"]
[EventDate "2021.??.??"]
[TimeControl "10+5"]
[WhiteClock "0:02:53"]
[BlackClock "0:06:09"]

1. d4 Nf6 2. Nf3 c5 3. c4 cxd4 4. Nxd4 e5 5. Nb5 d5 6. cxd5 a6 7. N5c3 Bc5 8.
e3 O-O 9. Bd3 Nbd7 10. O-O Nb6 11. a3 Nbxd5 12. Nxd5 Qxd5 13. Nc3 Qd8 14. b4 Be7 15. Bb2 h6 16. Ne4 Nxe4 17. Bxe4 Bf6 18. Qxd8 Rxd8 19. Rfd1 Rxd1+ 20. Rxd1 g6 21. f4 Bg4 22. Rd3 Rb8 23. Bxe5 Bxe5 24. fxe5 Be6 25. Rd6 b6 26. Bxg6 Rc8 27. Bd3 Rc3 28. Bxa6 Rxa3 29. Rxb6 Rxe3 30. Rb5 Rb3 31. Rb8+ Kg7 32. Be2 Re3 33. Bf3 Rxe5 34. b5 Re1+ 35. Kf2 Rb1 36. b6 Rb2+ 37. Kg3 Rb3 38. Kf4 Rb4+ 39. Ke5 Rb1 40. b7 Re1+ 41. Kf4 Rb1 42. Rd8 Rb4+ 43. Kg3 h5 44. b8=Q h4+ 45. Kf2 1-0

[Event "Dvaro taure"]
[Site "Taujenai, Lithuania"]
[Date "2021.11.28"]
[Round "9.10"]
[White "Bagdanskis, Dangis"]
[Black "Cmilis, Viktoras"]
[Result "1-0"]
[WhiteElo "1861"]
[BlackElo "1621"]
[PlyCount "95"]
[EventDate "2021.??.??"]
[TimeControl "10+5"]
[WhiteClock "0:05:29"]
[BlackClock "0:02:50"]

1. d4 d5 2. Nf3 Nf6 3. Bg5 Ne4 4. Bh4 c6 5. c3 Qb6 6. Qb3 e6 7. Nbd2 Nd7 8.
Nxe4 dxe4 9. Nd2 Qxb3 10. axb3 f5 11. e3 a6 12. Bc4 Nb6 13.
b4 Bd7 14. O-O h6 15. f3 g5 16. Bg3 exf3 17. gxf3 Ke7 18. Be5 Rh7 19. e4 Bg7 20. Bc7 Nc8 21. Rae1 f4 22. e5 b6 23. Bd3 Rh8 24. Nc4 b5 25.
Nd2 Ra7 26. Ba5 Be8 27. Be4 h5 28. Kf2 Kd7 29. Rg1 Bh6 30. Nb3 Ne7 31. Nc5+ Kc8 32. Bb6 Ra8 33. Nxe6 Nd5 34. Bxd5 cxd5 35. Nxg5 Kb7 36. Bc5 Kc6 37. e6 Bxg5 38. Rxg5 Rh6 39. Rf5 Bg6 40. Rxf4 Bd3 41. Bf8 Rg6 42. e7 Re8 43. Re5 Bc4 44. Rxh5 Kd7 45. Rhf5 Rg8 46. h4 Rg6 47. Rf6 Rxf6 48. Rxf6 1-0

[Event "Dvaro taure"]
[Site "Taujenai, Lithuania"]
[Date "2021.11.28"]
[Round "9.11"]
[White "Tilvikas, Justas"]
[Black "Zaura, Vidmantas"]
[Result "1-0"]
[WhiteElo "1849"]
[BlackElo "1971"]
[PlyCount "71"]
[EventDate "2021.??.??"]
[TimeControl "10+5"]
[WhiteClock "0:01:25"]
[BlackClock "0:01:13"]

1. d4 Nf6 2. c4 e5 3. dxe5 Ng4 4. Bf4 Nc6 5. Nf3 Bb4+ 6. Nbd2 Qe7 7. e3 Ngxe5 8. Nxe5 Nxe5 9. Be2 d6 10. O-O O-O 11. a3 Bxd2 12. Qxd2 Be6 13. c5 Rfd8 14. Qc3 Ng6 15. cxd6 cxd6 16. Bg3 Rac8 17. Qb4 d5 18. Qxe7 Nxe7 19. Be5 f6 20. Bc3 Bf5 21. Rac1 Nc6 22. Rfd1 Kf7 23. h3 Ke6 24. Bb5 a6 25. Ba4 Ne5 26. Rd4 Nd3 27. Rf1 Nc5 28.
Bd1 Ne4 29. Ba5 Rd7 30. g4 Bg6 31. Bb3 Rc5 32. Bb4 Rb5 33. f4 f5 34. Rfd1 a5 35. Ba4 Nd6 36. Bxd6 1-0

[Event "Dvaro taure"]
[Site "Taujenai, Lithuania"]
[Date "2021.11.28"]
[Round "9.12"]
[White "Muralis, Aloyzas"]
[Black "Griksaite, Ieva"]
[Result "1/2-1/2"]
[WhiteElo "1748"]
[BlackElo "1518"]
[PlyCount "106"]
[EventDate "2021.??.??"]
[TimeControl "10+5"]
[WhiteClock "0:03:52"]
[BlackClock "0:06:16"]

1. e4 c5 2. c4 Nc6 3. Nc3 g6 4. d3 Bg7 5. f4 e5 6. Nf3 d6 7. Be3 Nd4 8. fxe5 dxe5 9. Be2 Ne7 10. Qd2 Bg4 11. h3 Bxf3 12. Bxf3 Nxf3+ 13. gxf3 b6 14. h4 Nc6 15. O-O-O Nd4 16. Qg2 Qf6 17. Rdf1 O-O-O 18. Bg5 Qe6 19. Bxd8 Rxd8 20. h5 Nc6 21. Nd5 Nb4 22. Nxb4 cxb4 23. Rd1 Bh6+ 24. Kc2 Qc6 25. hxg6 Qa4+ 26. Kb1 hxg6 27. Qc2 Qxc2+ 28. Kxc2 Bf4 29. Rh7 Rd7 30. Rdh1 a5 31. Rg7 a4 32. b3 axb3+ 33. axb3 b5 34. Ra1 Kb7 35. Rh7 bxc4 36. bxc4 b3+ 37. Kc3 b2 38. Rb1 Bc1 39. Rh1 Kc6 40. Rbxc1 bxc1=Q+ 41. Rxc1 Ra7 42. Kd2 Kc5 43. Ke3 Rb7 44. Rf1 f5 45. exf5 gxf5 46. Rh1 Rb2 47. Re1 Ra2 48. f4 exf4+ 49. Kxf4 Kd4 50. Kxf5 Kxd3 51. c5 Rc2 52. Rd1+ Kc4 53. Rd8 Rf2+ 1/2-1/2

[Event "Dvaro taure"]
[Site "Taujenai, Lithuania"]
[Date "2021.11.28"]
[Round "9.13"]
[White "Mulevicius, Andrius"]
[Black "Zalimas, Ugnius"]
[Result "1-0"]
[WhiteElo "1698"]
[BlackElo "1392"]
[PlyCount "61"]
[EventDate "2021.??.??"]
[TimeControl "10+5"]
[WhiteClock "0:00:36"]
[BlackClock "0:01:02"]

1. e4 c5 2. Nc3 d6 3. g3 Nf6 4. Bg2 g6 5. d3 Bg7 6. h3 O-O 7. Be3 Nc6 8. Qd2 Bd7 9. Bh6 a6 10. h4 Ng4 11. Bxg7 Kxg7 12. h5 Qb6 13. f3 Nf6 14. hxg6 fxg6 15. Qh6+ Kf7 16. O-O-O Rh8 17. Nh3 Bxh3 18. Bxh3 Nd4 19. Qe3 Qa5 20. e5 dxe5 21. Qxe5 Rad8 22. Kb1 Rd6 23. Rde1 Re8 24. Rhf1 Rb6 25. Nd5 Nxd5 26. Qxd5+ e6 27. Qc4 Nxf3 28. Rxf3+ Kg7 29. Ref1 Re7 30. Qf4 Qa3 31. Qf8# 1-0

[Event "Dvaro taure"]
[Site "Taujenai, Lithuania"]
[Date "2021.11.28"]
[Round "9.14"]
[White "Breikss, Peteris"]
[Black "Kurmis, Edvinas"]
[Result "0-1"]
[WhiteElo "1622"]
[BlackElo "1665"]
[PlyCount "43"]
[EventDate "2021.??.??"]
[TimeControl "10+5"]
[BlackClock "0:02:13"]

1. e4 e5 2. Nf3 Nf6 3. Nxe5 Nc6 4. Nxc6 dxc6 5. d3 Bc5 6. Be2 h5 7. Nd2 Ng4 8. Bxg4 hxg4 9. Nf1 Qf6 10. Qe2 Be6 11. c3 O-O-O 12. Be3 Be7 13. Nd2 Kb8 14. Nb3 Rh5 15. Nd4 Bc8 16. f4 gxf3 17. Nxf3 Bg4 18. O-O-O Ra5 19. Kb1 Qe6 20. b3 Qf6 21. d4 Qg6 22. Qc2 0-1

[Event "Dvaro taure"]
[Site "Taujenai, Lithuania"]
[Date "2021.11.28"]
[Round "9.15"]
[White "Vainermanas, Berelis"]
[Black "Spevak, Dovydas"]
[Result "1/2-1/2"]
[WhiteElo "1663"]
[BlackElo "1523"]
[PlyCount "21"]
[EventDate "2021.??.??"]
[TimeControl "10+5"]
[WhiteClock "0:09:19"]
[BlackClock "0:07:32"]

1. d4 d5 2. c4 e6 3. Nc3 c6 4. cxd5 exd5 5. Nf3 Bd6 6. Bg5 Nf6 7. e3 Nbd7 8. Bd3 h6 9. Bh4 O-O 10. O-O Qe8 11. Bg3 1/2-1/2

[Event "Dvaro taure"]
[Site "Taujenai, Lithuania"]
[Date "2021.11.28"]
[Round "9.17"]
[White "Bubnys, Marius"]
[Black "Andrusevics, Jegors"]
[Result "0-1"]
[WhiteElo "1490"]
[BlackElo "1586"]
[PlyCount "113"]
[EventDate "2021.??.??"]
[TimeControl "10+5"]
[WhiteClock "0:00:14"]
[BlackClock "0:03:56"]

1. c4 e5 2. Nc3 b6 3. Nf3 d6 4. g3 Bb7
5. Bg2 Nf6 6. O-O Be7 7. d3 Nbd7 8. e4 O-O 9. b4 a5 10. bxa5 Rxa5 11. Bd2 Ra8 12. Nd5 Nc5 13. Be3 Nxd5 14. cxd5 f5 15. Bxc5 bxc5 16. Nd2 Ba6 17. Nc4 f4 18. Qg4 Rf6 19. h4 Bc8 20. Qd1 fxg3 21. fxg3 Rg6 22. Qf3 Bg4 23. Qf2 Qd7 24. Ne3 Bh3 25. Qf7+ Kh8 26. Nf5 Bxf5 27. Rxf5 Qe8 28. Qxe8+ Rxe8 29. Kh2 Rf6 30. Bh3 Rxf5 31. Bxf5 g6 32. Bd7 Ra8 33. Bc6 Ra3 34. Kh3 Kg7 35. Kg4 h5+ 36. Kh3 Kf7 37.
Kg2 Bf6 38. Kf2 Ke7 39. Ke2 g5 40. Kd2 gxh4 41. gxh4 Bxh4 42. Rh1 Bg5+ 43. Kc2 Rxa2+ 44. Kb3 Rd2 45. Kc3 h4 46. Ba4 Rg2 47. Bd1 Rg3 48. Bh5 h3 49. Bd1 Bf4 50. Bh5 Re3 51. Bg4 h2 52. Bh5 Rh3 53. Bg4 Rh4 54.
Bf5 Rh5 55. Bg4 Rg5 56. Bf5 Rg1 57. d4 0-1

[Event "Dvaro taure"]
[Site "Taujenai, Lithuania"]
[Date "2021.11.28"]
[Round "9.18"]
[White "Andrijauskas, Domas"]
[Black "Griksaite, Egle"]
[Result "1/2-1/2"]
[WhiteElo "1441"]
[BlackElo "1508"]
[PlyCount "107"]
[EventDate "2021.??.??"]
[TimeControl "10+5"]
[WhiteClock "0:00:12"]
[BlackClock "0:02:50"]

1. c4 c5 2. Nc3 Nc6 3. g3 g6 4. Bg2 Bg7 5. e3 e6 6. Nge2 Nge7 7. O-O O-O 8.
d4 cxd4 9. Nxd4 Rb8 10. Rb1 b6 11. Ncb5 d5 12. Nxc6 Nxc6 13. cxd5 exd5 14. Qxd5 Qxd5 15. Bxd5 Nb4 16. Rd1 Rd8 17. Bxf7+ Kxf7 18. Rxd8 Nc6 19. Rd6 Nb4 20. a3 Bf5 21. Ra1 Nc2 22. Ra2 Be6 23. b3 Bxb3 24. Rb2 Bxb2 25. Bxb2 Rb7 26. Rf6+ Ke7 27. Rf4 a6 28. Nd4 Nxd4 29. Rxd4 b5 30.
Bc3 Bc4 31. Bb4+ Kf7 32. Rd6 Ra7 33. Bc5 Ra8 34. Rd7+ Kf6 35. Rxh7 a5 36. Ra7 Rxa7 37. Bxa7 b4 38. axb4 axb4 39. Kg2 b3 40. Kf3 Kf5 41. Bd4 g5 42. Bb2 g4+ 43. Kg2 Bd5+ 44. Kf1 Ke4 45. Ke2 Bc4+ 46. Ke1 Kf3 47. Bc3 Ke4 48. Bb2 Kf3 49. Ba1 Ke4 50. Kd2 Kf3 51. Ke1 Ke4 52. Bb2 Kf3 53. Ba1 Ke4 54. Bb2 1/2-1/2

[Event "Dvaro taure"]
[Site "Taujenai, Lithuania"]
[Date "2021.11.28"]
[Round "9.19"]
[White "Matulaitis, Mantas"]
[Black "Aleidzans, Vadims"]
[Result "1-0"]
[WhiteElo "1176"]
[BlackElo "1563"]
[PlyCount "73"]
[EventDate "2021.??.??"]
[TimeControl "10+5"]
[WhiteClock "0:01:03"]
[BlackClock "0:03:19"]

1. b3 e6 2. Bb2 Nf6 3. e3 d5 4. Bb5+ c6 5. Be2 Be7 6. f4 b6 7. d3 Bb7 8.
Nf3 c5 9. O-O Nc6 10. Nbd2 Ng4 11. Ng5 Nxe3 12. Qe1 Nxf1 13. Qxf1 Bxg5 14. fxg5 Qxg5 15. Nf3 Qe3+ 16. Kh1 Qh6 17. Qf2 O-O-O 18. a4 Rhe8 19. a5 e5 20. axb6 axb6 21. c4 d4 22. Bc1 Qd6 23. Nd2 Re6 24. Ne4 Qe7 25. Bg4 Rf8 26. Bxe6+ fxe6 27. Qe2 Nb4 28. Bg5 Qf7 29. Nd6+ Kd7 30.
Nxf7 Rxf7 31. h3 h6 32. Bh4 g5 33. Bg3 Nc6 34. Rf1 Re7 35. Bxe5 Re8 36. Rf7+ Ne7 37. Bf6 1-0

[Event "Dvaro taure"]
[Site "Taujenai, Lithuania"]
[Date "2021.11.28"]
[Round "9.20"]
[White "Posaskov, Sergej"]
[Black "Satkauskas, Benediktas"]
[Result "0-1"]
[WhiteElo "1539"]
[BlackElo "1392"]
[PlyCount "116"]
[EventDate "2021.??.??"]
[TimeControl "10+5"]
[WhiteClock "0:05:07"]
[BlackClock "0:00:52"]

1. e4 c6 2. Nf3 d5 3. e5 Bf5 4. d4 e6 5. c4 Nd7 6. Nc3 Bb4 7. Bd2 Bxc3 8. Bxc3 Ne7 9. Bd3 Bg6 10. h4 h6 11. Bxg6 Nxg6 12. Qb3 Qb6 13. cxd5 cxd5 14. Qa4 Qc6 15. Qa3 Nb6 16. Bb4 Nc4 17. Qb3 a5 18. Bd6 Nxd6 19. exd6 Qxd6 20. Rc1 Qb4+ 21. Rc3 Qxb3 22. Rxb3 Ra7 23. O-O Kd7 24. Rc1 Rc8 25. Rc5 Rxc5 26. dxc5 Kc6 27. Rc3 f6 28. g3 e5 29. a3 e4 30.
Nd4+ Kd7 31. Kf1 Ne5 32. b3 Nc6 33. Nb5 Ra8 34. Ke2 g5 35. hxg5 hxg5 36. Ke3 Rb8 37. Rc1 Rh8 38. Rd1 Ne7 39. Nd6 b6 40. Nc4 bxc5 41. Nxa5 Nf5+ 42. Ke2 Nd4+ 43. Ke3 Ke6 44. Rc1 Rc8 45. b4 Nf5+ 46. Kd2 c4 47.
Nb7 Nd4 48. Nc5+ Rxc5 49. bxc5 Nb3+ 50. Kc2 Nxc1 51. Kxc1 Kd7 52. Kb2 Kc6 53. a4 Kxc5 54. Ka3 d4 55. a5 Kb5 56. a6 Kxa6 57.
Kb4 e3 58. fxe3 dxe3 0-1

[Event "Dvaro taure"]
[Site "Taujenai, Lithuania"]
[Date "2021.11.28"]
[Round "9.21"]
[White "Jonaitis, Herkus"]
[Black "Praspaliauskas, Matas"]
[Result "1-0"]
[WhiteElo "1277"]
[BlackElo "1443"]
[PlyCount "79"]
[EventDate "2021.??.??"]
[TimeControl "10+5"]
[WhiteClock "0:06:25"]
[BlackClock "0:05:50"]

1. d4 d5 2. c4 e6 3. Nc3 Nf6 4. Bg5 b6 5. cxd5 exd5 6. e3 Bb7 7. Nf3 Be7 8.
Bb5+ Nbd7 9. Ne5 Bc8 10. Nc6 a6 11. Nxd8 axb5 12. Nc6 Bb7 13. Bxf6 Bxf6 14. Nb4 c6 15. Nd3 O-O 16. a3 c5 17. dxc5 bxc5 18. Rc1 b4 19. axb4 cxb4 20. Nxb4 Ne5 21. Nbxd5 Rfd8 22. e4 Nc4 23. Qb3 Bxd5 24. Nxd5 Ne5 25. Nxf6+ gxf6 26. O-O Rab8 27. Qg3+ Kh8 28. Rfd1 Re8 29. Qf4 Kg7 30. Rc3 Rxb2 31. Rg3+ Ng6 32. h4 h5 33. Qf3 Re6 34. Re1 Kh6 35. Qe3+ Kh7 36. Qc5 Rbb6 37. Qxh5+ Kg7 38. Qf5 Re5 39. Qf3 Kh6 40. Rd1 1-0

[Event "Dvaro taure"]
[Site "Taujenai, Lithuania"]
[Date "2021.11.28"]
[Round "9.23"]
[White "Mikolavicius, Julius"]
[Black "Paliulis, Aivaras"]
[Result "0-1"]
[WhiteElo "1152"]
[BlackElo "1714"]
[PlyCount "66"]
[EventDate "2021.??.??"]
[TimeControl "10+5"]
[WhiteClock "0:06:01"]
[BlackClock "0:05:39"]

1. e4 e5 2. Nf3 Nc6 3. Bc4 Bc5 4. O-O d6 5. h3 Be6 6. Bb3 Nf6 7. Nc3 O-O 8.
Nd5 Na5 9. Nxf6+ Qxf6 10. d3 Nxb3 11. axb3 h6 12. c4 Qg6 13.
Kh1 f5 14. exf5 Bxf5 15. Be3 Bxd3 16. Rg1 Bxe3 17. fxe3 e4 18.
Ne1 Rf2 19. Nxd3 exd3 20. Qc1 d2 21. Qd1 a6 22. Ra5 c6 23.
Ra2 Re8 24. b4 Rxe3 25. Qg4 Qxg4 26. hxg4 Re1 27. Ra1 Rxa1 28.
Rxa1 Re2 29. Kh2 Re1 30. Rxe1 dxe1=Q 31. Kh3 Qxb4 32. g3 Qxb2 33.
Kh4 Qh2# 0-1

[Event "Dvaro taure"]
[Site "Taujenai, Lithuania"]
[Date "2021.11.28"]
[Round "9.24"]
[White "Velicka, Ramunas"]
[Black "Alejunaite, Milda"]
[Result "1-0"]
[WhiteElo "1606"]
[BlackElo "1171"]
[PlyCount "66"]
[EventDate "2021.??.??"]
[TimeControl "10+5"]
[WhiteClock "0:03:17"]

1. f4 Nc6 2. Nf3 d5 3. e3 Bf5 4. d3 Nf6 5. h3 Bd7 6. Be2 e6 7. O-O Bc5 8.
Kh1 Nh5 9. Kh2 O-O 10. d4 Bd6 11. Ne5 Nf6 12. Nxd7 Qxd7 13. Nd2 Ne4 14. Nxe4 dxe4 15. a3 f6 16. Kg1 Rad8 17. c4 Be7 18. Qc2 f5 19. Bd2 Bh4 20. Rad1 Bg3 21. d5 exd5 22. cxd5 Ne7 23. Bb4 Rfe8 24. Rd4 c6 25. d6 Nd5 26. Bc4 Rc8 27. Bxd5+ cxd5 28. Qd2 Qa4 29. Rxd5 Rc2 30. d7 Rd8 31. Qd4 Qa6 32. Qe5 Qe2 33. Qe8+ Rxe8 1-0

[Event "Dvaro taure"]
[Site "Taujenai, Lithuania"]
[Date "2021.11.28"]
[Round "9.26"]
[White "Griksaite, Ruta"]
[Black "Jasas, Ignas"]
[Result "0-1"]
[WhiteElo "1098"]
[BlackElo "1216"]
[PlyCount "134"]
[EventDate "2021.??.??"]
[TimeControl "10+5"]
[WhiteClock "0:01:56"]
[BlackClock "0:08:08"]

1. d4 Nf6 2. Nf3 g6 3. Bf4 d5 4. e3 Bg7 5. h3 Bf5 6. Bd3 e6 7. Qe2 Bxd3 8.
Qxd3 O-O 9. O-O Qd7 10. c3 Na6 11. Nbd2 Rac8 12. Rac1 c5 13. Rfe1 c4 14. Qc2 b5 15. a3 Nh5 16. Bh2 f5 17. Ne5 Bxe5 18. Bxe5 Nb8 19. f4 Nc6 20.
Nf3 Ng3 21. Kh2 Ne4 22. Nd2 Nf2 23. Rf1 Nd3 24. Ra1 a5 25. Nf3 b4 26. axb4 axb4 27. Ne1 Ncxe5 28. fxe5 Nxe1 29. Raxe1 Rb8 30. Rb1 Rb7 31. Qd2 b3 32. Ra1 Qd8 33. Qf2 Rbf7 34. Qg3 Kh8 35. Rf4 g5 36. Rff1 Rg8 37. Qe1 g4 38. Qe2 Qh4 39. Rf4 h5 40. Kh1 Qg5 41. Qf2 gxh3 42.
gxh3 Qg3 43. Rf3 Qxf2 44. Rxf2 Rg3 45. Re2 Rxh3+ 46. Kg2 Rh4 47. Kg3 Rg4+ 48. Kh3 Kg7 49. Rg2 Kg6 50. Rxg4+ hxg4+ 51. Kg3 Rh7 52. Ra6 Rh3+ 53. Kg2 Kf7 54. Ra7+ Kg8 55. Ra8+ Kg7 56. Ra7+ Kh6 57. Ra6 Kg5 58. Rxe6 Rxe3 59. Rd6 Re2+ 60. Kg3 Rxb2 61. Rxd5 Rc2 62. Rb5 Rxc3+ 63. Kf2 g3+ 64. Kg2 Kf4 65. e6 Rc2+ 66. Kg1 Kf3 67.
e7 Rc1# 0-1